 Dungeon Crawl Stone Soup version 0.20-a0-892-gbf43aa3 (webtiles) character file.

2403 BrendanD the Carver (level 9, -7/77 HPs)
             Began as a Minotaur Berserker on Mar 16, 2017.
             Was an Elder of Trog.
             Killed from afar by Joseph (14 damage)
             ... with a wand of acid (?/15)
             ... on level 7 of the Dungeon on Mar 17, 2017.
             The game lasted 00:26:11 (5230 turns).

BrendanD the Carver (Minotaur Berserker)            Turns: 5230, Time: 00:26:11

Health: -7/77      AC: 11    Str: 21    XL:     9   Next: 23%
Magic:  8/8        EV: 13    Int:  4    God:    Trog [****..]
Gold:   251        SH:  5    Dex: 14    Spells: 8/8 levels left

rFire    . . .     SeeInvis .   a - +0 falchion
rCold    . . .     Gourm    .   m - +3 ring mail {rPois}
rNeg     . . .     Faith    .   x - +0 buckler
rPois    +         Spirit   .   (helmet restricted)
rElec    .         Reflect  +   y - +0 cloak
rCorr    .         Harm     .   n - +0 pair of gloves
MR       ++...                  (no boots)
Stlth    ++........             i - +2 amulet of reflection
Regen    1.3/turn               (no ring)
MPRegen  0.2/turn               (no ring)

@: exhausted, regenerating, slowed, very slow
A: retaliatory headbutt, horns 2
a: Berserk, Trog's Hand, Brothers in Arms, Burn Spellbooks, Renounce Religion


You were on level 7 of the Dungeon.
You worshipped Trog.
Trog was greatly pleased with you.
You were hungry.

You visited 1 branch of the dungeon, and saw 7 of its levels.

You collected 251 gold pieces.

Inventory:

Hand Weapons
 a - a +0 falchion (weapon)
 v - a +0 flail
Armour
 m - a +3 ring mail of poison resistance (worn)
 n - a +0 pair of gloves (worn)
 x - a +0 buckler (worn)
 y - a +0 cloak (worn)
Jewellery
 i - a +2 amulet of reflection (around neck)
Scrolls
 f - 7 scrolls of identify {@r1}
 j - a scroll of enchant armour
 p - a scroll of fear {unknown}
 r - 2 scrolls of fog {unknown}
 s - a scroll of enchant weapon {unknown}
Potions
 c - 3 potions of mutation {unknown}
 e - a potion of might
 g - 2 potions of brilliance {unknown}
 h - 2 potions of flight
 k - a potion of lignification {unknown}
 l - a potion of degeneration {unknown}
 q - a potion of haste {@q3}
 w - a potion of curing {@q1}
Comestibles
 b - a meat ration
 d - a royal jelly
 o - a bread ration
 t - 3 fruits


   Skills:
 + Level 6.3 Fighting
 * Level 10.8 Long Blades
 + Level 5.9 Armour
 + Level 5.5 Dodging
 + Level 3.7 Stealth


You had 8 spell levels left.
You didn't know any spells.

Dungeon Overview and Level Annotations

Branches:
Dungeon (7/15)             Temple (0/1) D:5

Altars:
Ashenzari
Gozag
Hepliaklqana
Makhleb
Nemelex Xobeh
Qazlal
Ru
Wu Jian
Xom
Yredelemnul

Annotations:
D:7 Joseph


Innate Abilities, Weirdness & Mutations

You reflexively headbutt those who attack you in melee.
You have a pair of horns on your head.


Message History

You slash Joseph! You headbutt Joseph. The big kobold hits you.
* * * LOW HITPOINT WARNING * * *
Joseph hits you with an uncursed quarterstaff!
* * * LOW HITPOINT WARNING * * *
The big kobold closely misses you.
You riposte.
You hit the big kobold but do no damage.
Eat a chunk of flesh? (ye/n/q)
You eat the chunk of flesh.
Joseph hits you with an uncursed quarterstaff.
* * * LOW HITPOINT WARNING * * *
The big kobold misses you.
Joseph hits you with an uncursed quarterstaff.
* * * LOW HITPOINT WARNING * * *
Your skin crawls.
You feel resistant to hostile enchantments.
You are feeling hungry.
The big kobold hits you but does no damage.
Joseph zaps a wand.
The bolt of acid hits you!
You die...

#.####.........#
#.# #.....)...#
##.# #........###
...# #......)...#
...# #.####))_..#
...# #.#
##._8_.## ...#
#.# #..._)..#
##.# #.
##.(..()@#.###.
...#
.....$..!@K......
####
############.###.
.. ##


You could see Joseph and a big kobold.

Vanquished Creatures
  Pikel (D:4)
  The ghost of BrendanD the Slasher, an amateur DsGl (D:3)
  Duvessa (D:7)
  An orc warrior (D:6)
  2 phantoms
  A black bear (D:6)
  A sky beast (D:5)
  An ogre (D:7)
  2 centaurs (D:7)
  Dowan (D:7)
  5 wights (D:6)
  A centaur zombie (D:4)
  A quasit (D:5)
  4 orc priests
  A jelly (D:6)
  Jessica (D:4)
  2 iguanas
  4 orc wizards
  7 worker ants
  A hound zombie (D:7)
  9 adders
  A howler monkey skeleton (D:5)
  A shadow imp (D:6)
  3 oozes
  A worm (D:2)
  3 dart slugs
  5 leopard geckos
  16 orcs
  4 giant cockroaches (D:2)
  9 hobgoblins
  5 jackals
  13 kobolds
  A quokka (D:6)
  A bat (D:1)
  3 frilled lizards
  8 goblins
  A leopard gecko zombie (D:7)
  2 quokka skeletons (D:4)
  3 rats
128 creatures vanquished.

Vanquished Creatures (others)
  An orc wizard (D:4)
  A kobold (D:7)
  3 fungi (D:7)
5 creatures vanquished.

Grand Total: 133 creatures vanquished

Notes
Turn   | Place    | Note
-------+----------+-------------------------------------------
     0 | D:1      | BrendanD the Minotaur Berserker began the quest for the Orb.
     0 | D:1      | Reached XP level 1. HP: 19/19 MP: 0/0
    93 | D:1      | Reached XP level 2. HP: 11/27 MP: 1/1
   506 | D:1      | Reached skill level 4 in Long Blades
   513 | D:1      | Reached XP level 3. HP: 24/33 MP: 2/2
   796 | D:2      | Reached ** piety under Trog
   883 | D:2      | Found a sacrificial altar of Ru.
  1209 | D:2      | Found an opulent altar of Gozag.
  1271 | D:2      | Reached skill level 5 in Long Blades
  1271 | D:2      | Reached XP level 4. HP: 6/40 MP: 3/3
  1276 | D:2      | HP: 2/40 [poisoned by an adder]
  2268 | D:3      | Noticed BrendanD's ghost (amateur DsGl)
  2304 | D:3      | Killed BrendanD's ghost
  2304 | D:3      | Reached skill level 7 in Long Blades
  2304 | D:3      | Reached XP level 5. HP: 27/46 MP: 4/4
  2790 | D:4      | Reached XP level 6. HP: 35/52 MP: 5/5
  2834 | D:4      | Found a sparkling altar of Nemelex Xobeh.
  2834 | D:4      | Noticed Jessica
  2836 | D:4      | Killed Jessica
  2836 | D:4      | Reached skill level 8 in Long Blades
  2926 | D:4      | Reached *** piety under Trog
  3096 | D:4      | Reached skill level 1 in Stealth
  3096 | D:4      | Reached XP level 7. HP: 55/60 MP: 6/6
  3247 | D:4      | Noticed Pikel
  3260 | D:4      | Killed Pikel
  3260 | D:4      | Reached skill level 5 in Fighting
  3260 | D:4      | Reached skill level 9 in Long Blades
  3291 | D:4      | Reached XP level 8. HP: 18/68 MP: 7/7
  3776 | D:5      | Entered Level 5 of the Dungeon
  3790 | D:5      | Found a staircase to the Ecumenical Temple.
  4369 | D:6      | Reached skill level 10 in Long Blades
  4528 | D:6      | Reached skill level 5 in Armour
  4614 | D:6      | Reached skill level 5 in Dodging
  4615 | D:6      | Found a burning altar of Makhleb.
  4617 | D:6      | Found a shattered altar of Ashenzari.
  4626 | D:6      | Reached **** piety under Trog
  4827 | D:6      | Reached XP level 9. HP: 75/75 MP: 8/8
  4851 | D:6      | Found a basalt altar of Yredelemnul.
  5090 | D:7      | Found a stormy altar of Qazlal.
  5091 | D:7      | Found an ornate altar of the Wu Jian Council.
  5091 | D:7      | Found a shimmering altar of Xom.
  5091 | D:7      | Noticed Dowan
  5198 | D:7      | Found a hazy altar of Hepliaklqana.
  5199 | D:7      | Noticed Duvessa
  5205 | D:7      | Killed Duvessa
  5211 | D:7      | Noticed Joseph
  5212 | D:7      | Killed Dowan
  5230 | D:7      | Killed from afar by Joseph

Vault maps used:
D:1:      co_arrival_random_square_maze
D:2:      nicolae_gozag_cash_rules_everything_around_me, nicolae_ru_awakened_eye
D:4:      serial_bayou_pond_e, nemelex_lonely_heart_becter, uniq_pikel
D:5:      minmay_temple_entry_trees, first_bread, serial_bayou_pond_e
D:6:      lemuel_doored_altar, grunt_temple_overflow_open
D:7:      kennysheep_seaside_town, chequers_temple_overflow_statue_of_worship,
          nicolae_overflow_crystal_walls, lightli_ossuary_entry_decrepit_ruins,
          grunt_livestock, uniq_joseph, uniq_duvessa

Skill      XL: |  1  2  3  4  5  6  7  8 |
---------------+-------------------------+-----
Fighting       | 4 5 6 |  6.3
Long Blades    | 4 5 7 8 9 10 | 10.8
Armour         | 3 4 5 |  5.9
Dodging        | 3 4 5 |  5.5
Stealth        | 1 2 3 |  3.7

Action                   |  1- 3 |  4- 6 |  7- 9 || total
-------------------------+-------+-------+-------++-------
Melee: Falchion          |    74 |    99 |   171 ||   344
       Headbutt          |    15 |    22 |    55 ||    92
Invok: Berserk           |       |     2 |     6 ||     8
       Trog's Hand       |       |     2 |     2 ||     4
  Use: Scroll            |     1 |     2 |     1 ||     4
       Potion            |       |     2 |       ||     2
  Eat: Chunk             |     1 |     4 |     8 ||    13
       Bread ration      |       |     1 |       ||     1
       Meat ration       |       |       |     1 ||     1
Armor: Animal skin       |     1 |       |       ||     1
       Robe              |     4 |     2 |       ||     6
       Ring mail         |       |    25 |    51 ||    76
Dodge: Dodged            |    48 |    42 |   101 ||   191
Block: Other             |       |     6 |    11 ||    17
       Buckler           |       |       |    15 ||    15
       Reflection        |       |       |     2 ||     2
       Rpst.: Falchion   |     6 |    15 |    23 ||    44
